 Dungeon Crawl Stone Soup version 0.18.1-8-gdd0e5ea (webtiles) character file.

184 M4edhros the Charlatan (level 5, 0/37 HPs)
             Began as a Mummy Artificer on June 3, 2016.
             Slain by Duvessa
             ... wielding a +0 short sword
              (3 damage)
             ... on level 4 of the Dungeon.
             The game lasted 00:02:42 (2704 turns).

M4edhros the Charlatan (Mummy Artificer)            Turns: 2704, Time: 00:02:42

Health: 0/37       AC:  5    Str: 14    XL:     5   Next: 36%
Magic:  8/8        EV: 11    Int: 11    God:
Gold:   151        SH:  0    Dex: 14    Spells: 0 memorised, 4 levels left

rFire  x . .     SeeInvis .     a - +0 short sword
rCold  + . .     Gourm    .     b - +0 leather armour
rNeg   + + +     Faith    .     (no shield)
rPois  ∞         Spirit   .     (no helmet)
rElec  .         Dismiss  .     (no cloak)
rCorr  .         Reflect  .     l - +1 pair of gloves
SustAt .         Harm     .     (no boots)
MR     .....                    n - amulet of regeneration
Stlth  +.........               (no ring)
                                (no ring)

@: not resistant to hostile enchantments, very unstealthy
A: no food or potions, fire vulnerability, cold resistance 1, negative energy
resistance 3, torment resistance, unbreathing
a: no special abilities


You were on level 4 of the Dungeon.
You were not hungry.

You visited 1 branch of the dungeon, and saw 4 of its levels.

You collected 151 gold pieces.

Inventory:

Hand Weapons
 a - a +0 short sword (weapon)
Missiles
 j - 8 tomahawks (quivered)
Armour
 b - a +0 leather armour (worn)
 l - a +1 pair of gloves (worn)
Jewellery
 n - an amulet of regeneration (around neck)
Wands
 c - a wand of flame (9/48)
 d - a wand of enslavement (7/24)
 e - a wand of random effects (14/48)
Scrolls
 f - a scroll of teleportation {unknown}
 g - a scroll of identify {unknown}
 h - 2 scrolls of amnesia {unknown}
 i - 2 scrolls of remove curse {unknown}
 k - 2 scrolls of recharging {unknown}
 m - 5 scrolls of fog {unknown}
 o - a scroll of magic mapping {unknown}


   Skills:
 - Level 1.0 Fighting
 - Level 0.7 Short Blades
 - Level 1.5 Dodging
 - Level 0.7 Stealth
 + Level 5.1 Evocations


You had 4 spell levels left.
You didn't know any spells.

Dungeon Overview and Level Annotations

Branches:
Dungeon (4/15)
 Temple: D:4-7

Altars:
Zin

Annotations:
D:4 Duvessa


Innate Abilities, Weirdness & Mutations

You do not eat or drink.
Your flesh is vulnerable to fire.
You are immune to poison.
Your flesh is cold resistant.
You are immune to negative energy.
You are immune to unholy pain and torment.
You can survive without breathing.


Message History

Evoke which item? (* to show all) (? for menu, Esc to quit)
Zapping:
d - a wand of enslavement (10/24)
Press: ? - help, Shift-Dir - straight line, f/p - Duvessa
Aim: Duvessa, wielding a short sword and wearing a ring mail (heavily wounded, chance to defeat MR: 38%) Duvessa resists with some effort.
This wand has 9 charges left.
Duvessa hits you with a short sword.
* * * LOW HITPOINT WARNING * * *
Evoke which item? (* to show all) (? for menu, Esc to quit)
Zapping:
d - a wand of enslavement (9/24)
Press: ? - help, Shift-Dir - straight line, f/p - Duvessa
Aim: Duvessa, wielding a short sword and wearing a ring mail (heavily wounded, chance to defeat MR: 38%) Duvessa resists with some effort.
This wand has 8 charges left.
Duvessa closely misses you.
Evoke which item? (* to show all) (? for menu, Esc to quit)
Zapping:
d - a wand of enslavement (8/24)
Press: ? - help, Shift-Dir - straight line, f/p - Duvessa
Aim: Duvessa, wielding a short sword and wearing a ring mail (heavily wounded, chance to defeat MR: 38%) Duvessa resists with some effort.
This wand has 7 charges left.
Duvessa hits you with a short sword.
You die...

#.#.#.#.########
#<..#...## #
#######.###....#
#
............##.#
#
#######.######.#
# #.......# #.#
# #...#.#.# #.#
###.#...# #.#
#@########.#
#.e........#
#.########.# ###
###


You could see Duvessa.

Vanquished Creatures
  A hound (D:4)
  3 adders (D:2)
  An ooze (D:2)
  2 dart slugs
  4 giant geckos
  5 bats
  4 giant cockroaches
  7 hobgoblins
  2 giant newts
  3 goblins
  9 kobolds
  3 rats (D:1)
44 creatures vanquished.

Vanquished Creatures (collateral kills)
  Blork the orc (D:4)
  Dowan (D:4)
  A giant frog skeleton (D:4)
  A worm (D:2)
  2 giant geckos
6 creatures vanquished.

Grand Total: 50 creatures vanquished

Notes
Turn   | Place    | Note
--------------------------------------------------------------
     0 | D:1      | M4edhros the Mummy Artificer began the quest for the Orb.
     0 | D:1      | Reached XP level 1. HP: 15/15 MP: 2/2
   222 | D:1      | Reached XP level 2. HP: 10/21 MP: 4/4
   462 | D:1      | Reached skill level 3 in Evocations
  1012 | D:2      | Found a faded altar to an unknown god.
  1051 | D:2      | Reached XP level 3. HP: 9/26 MP: 5/5
  1518 | D:2      | HP: 1/26 [adder (3)]
  1840 | D:2      | Reached skill level 4 in Evocations
  1847 | D:2      | Found a glowing silver altar of Zin.
  1983 | D:2      | Reached XP level 4. HP: 31/32 MP: 7/7
  2601 | D:4      | Noticed Duvessa
  2602 | D:4      | Noticed Dowan
  2602 | D:4      | Noticed Blork the orc
  2621 | D:4      | Killed Blork the orc
  2621 | D:4      | Reached XP level 5. HP: 17/37 MP: 8/8
  2643 | D:4      | Killed Dowan
  2643 | D:4      | Reached skill level 5 in Evocations
  2704 | D:4      | Slain by Duvessa

Skill      XL: |  1  2  3  4  5 |
---------------+----------------+-----
Evocations     | 3 4 5 |  5.1
Fighting       | |  1.0
Short Blades   | |  0.7
Dodging        | |  1.5
Stealth        | |  0.7

Action                   |  1- 3 |  4- 6 || total
-------------------------+-------+-------++-------
Melee: Short sword       |   199 |    49 ||   248
Evoke: Wand              |     2 |    13 ||    15
 Stab: Sleeping          |       |     1 ||     1
Armor: Leather armour    |    72 |    15 ||    87
Dodge: Dodged            |   150 |    36 ||   186
